cohdb
Replays
Latest Replays
All Replays
Popular Replays
Top Player Replays
Match Explorer
How It Works
Community
CoH3 Stats
Reddit
Sign in to upload your games and track your stats! →
Sign in with Steam
Match 41379999
Unlisted
Match 41379999
Overview
Messages
Build Orders
End
Panzergrenadier Squad
Panzergrenadier Squad
Panzergrenadier Squad
Construct Light Support Kompanie
MG34 Team
2.5-tonne Medical Truck
Fire Support Elements
Selects Battlefield Espionage Battlegroup
Pak 38 Mechanized Group
Selects Intel Disruption Beacon
Selects Transfer Depots
Construct Panzerarmee Kommand
Selects 250/3 Funkpanzerwagen
Walking Stuka Rocket Launcher
Panzergrenadier Squad
Veteran Squad Leaders
Forward Retreat Point
Panzerpioneer Squad
Panzerpioneer Squad
Selects Advanced Ambush Training
Selects Disruption Operation
Panzerpioneer Squad
Armored Reserves
Tiger Heavy Tank
Selects Operation Skorpion
Rapid Advance
Disruption Operation
StuG Assault Group
Emergency Repair Kits
Vehicle Survival Package
UA - ♠ $imA ♠
UA -=Vov@N=-
CoBrA <X-
N0.1<x
STALKER4732
SoyaLors
ezh
Devochkin
0
0
Comments
sign in to comment!
No comments posted yet!